 Dungeon Crawl Stone Soup version 0.21.1-1-g345015f (webtiles) character file.

146 DaynesWaifu the Sneak (level 5, 39/39 HPs)
             Began as a Vampire Assassin on Feb 27, 2018.
             Safely got out of the dungeon.
             The game lasted 00:32:20 (2611 turns).

DaynesWaifu the Sneak (Vampire Assassin)            Turns: 2611, Time: 00:32:20

Health: 39/39      AC:  5    Str: 10    XL:     5   Next: 7%
Magic:  5/5        EV: 13    Int: 14    God:
Gold:   88         SH:  0    Dex: 16    Spells: 4/4 levels left

rFire    . . .     SeeInvis +   s - +0 short sword (venom)
rCold    . . .     Gourm    .   (no shield)
rNeg     . . .     Faith    .   o - +0 robe
rPois    .         Spirit   .   (no helmet)
rElec    .         Reflect  .   d - +0 cloak
rCorr    +         Harm     .   w - +0 pair of gloves
MR       .....                  h - +0 pair of boots
Stlth    ++++......             n - amulet of inaccuracy (curse)
HPRegen  0.33/turn              e - ring of resist corrosion
MPRegen  0.09/turn              (no ring)

@: regenerating quickly
A: fangs 3, see invisible, unbreathing
a: no special abilities


You escaped.
You were very full.

You visited 1 branch of the dungeon, and saw 3 of its levels.

You collected 88 gold pieces.

Inventory:

Hand Weapons
 a - a +2 dagger
 b - a +0 blowgun
 s - a +0 short sword of venom (weapon)
Missiles
 f - a curare-tipped needle
 k - 2 poisoned needles
Armour
 c - a +0 robe
 d - a +0 cloak (worn)
 h - a +0 pair of boots (worn)
 o - a +0 robe (worn)
 w - a +0 pair of gloves (worn)
Jewellery
 e - a ring of resist corrosion (left hand)
 n - a cursed amulet of inaccuracy (around neck)
Scrolls
 i - 2 scrolls of enchant weapon {unknown}
 j - 6 scrolls of identify {unknown}
 l - 2 scrolls of remove curse {unknown}
 m - a scroll of fog {unknown}
 p - 3 scrolls of teleportation {unknown}
 r - a scroll of amnesia {unknown}
 v - a scroll of immolation {unknown}
Potions
 g - 18 potions of blood
 q - a potion of degeneration {unknown}
 t - a potion of berserk rage {unknown}
 u - a potion of curing


   Skills:
 + Level 2.3 Fighting
 + Level 2.6 Short Blades
 + Level 3.0 Throwing
 + Level 2.2 Dodging
 + Level 6.8 Stealth


You had 4 spell levels left.
You didn't know any spells.

Dungeon Overview and Level Annotations

Branches:
Dungeon (3/15)

Altars:
Dithmenos
Wu Jian

Annotations:
D:3 Dazliare's ghost, amateur OpTm


Innate Abilities, Weirdness & Mutations

Your natural rate of healing is unusually fast.
You have razor-sharp teeth.
You have supernaturally acute eyesight. (SInv)
You can survive without breathing.


Message History

You hit the leopard gecko.
The leopard gecko is poisoned.
The leopard gecko is heavily wounded.
The leopard gecko closely misses you.
You closely miss the leopard gecko.
You kill the leopard gecko!
You see here a leopard gecko corpse.
You bottle the corpse's blood.
g - 18 potions of blood (gained 1)
There is an open door here.
There is a stone staircase leading up here.
You climb upwards.
There is a stone staircase leading down here.
There is an open door here.
There is an open door here.
There is a staircase leading out of the dungeon here.
You can't go down here!
Are you sure you want to leave the Dungeon?
This will make you lose the game!
Uppercase [Y]es or [N]o only, please.
Are you sure you want to leave the Dungeon?
This will make you lose the game!
You have escaped!

####.##..'.........###.........'.
#..#..#..####.### ###.####..#.
##.#..#.#.###.# #.###.#.#.
#....#.##.#.## ##.#.##.#.
##...#.###.## ##.###.#.
#...#.##.#.## ##.#.##.#.
#...#.#.###.# #.###.#.#.
#...#).####.### ###.####..#.
#...'......@..###.........'.
#..###.####.##.#.##.####.### #..#
##.###.###.###.###.## #..#
##.##.##.#.##.##.## ######'##
##.#.#.###.#.#.## #.......#
##...#####...## #.....>.####
##.........##
#..........####'#######'#
##########..............#


There were no monsters in sight!

Vanquished Creatures
  Terence (D:2)
  4 adders (D:2)
  A worm (D:2)
  3 dart slugs
  4 leopard geckos
  An orc (D:2)
  2 giant cockroaches
  6 goblins
  11 hobgoblins
  7 jackals
  A quokka (D:2)
  3 ball pythons
  9 bats
  5 frilled lizards
  7 kobolds
  5 rats
70 creatures vanquished.

Notes
Turn   | Place    | Note
-------+----------+-------------------------------------------
     0 | D:1      | DaynesWaifu the Vampire Assassin began the quest for the Orb.
     0 | D:1      | Reached XP level 1. HP: 16/16 MP: 1/1
    41 | D:1      | Reached skill level 6 in Stealth
   118 | D:2      | Reached XP level 2. HP: 5/22 MP: 2/2
   128 | D:2      | Found an ornate altar of the Wu Jian Council.
   213 | D:2      | Reached XP level 3. HP: 26/27 MP: 3/3
   300 | D:2      | Noticed Terence
   335 | D:2      | Killed Terence
   335 | D:2      | Reached XP level 4. HP: 12/33 MP: 4/4
   964 | D:2      | Found a shadowy altar of Dithmenos.
  1054 | D:3      | Noticed Dazliare's ghost (amateur OpTm)
  2396 | D:1      | Reached XP level 5. HP: 38/38 MP: 5/5
  2611 | D:$      | Safely got out of the dungeon.

Skill      XL: |  1  2  3  4 |
---------------+-------------+-----
Stealth        | 6 |  6.8
Throwing       | 2 3 |  3.0
Fighting       | 2 |  2.3
Dodging        | 2 |  2.2
Short Blades   | |  2.6

Action                   |  1- 3 |  4- 6 || total
-------------------------+-------+-------++-------
Melee: Dagger            |    39 |    81 ||   120
       Bite              |     5 |    12 ||    17
       Short sword       |       |    63 ||    63
       Unarmed           |       |    15 ||    15
 Fire: Blowgun           |    33 |    19 ||    52
 Abil: End Transformatio |       |     4 ||     4
       Bat Form          |       |     4 ||     4
  Use: Potion            |     3 |    12 ||    15
 Stab: Sleeping          |       |    12 ||    12
       Distracted        |       |     1 ||     1
  Eat: Corpse            |     1 |     1 ||     2
Armor: Robe              |    14 |    44 ||    58
Dodge: Dodged            |    37 |   131 ||   168
